 Dungeon Crawl Stone Soup version 0.31-a0-1336-g7fd7ca34b5 (webtiles) character file.

Game seed: 8442340575630682650

53 senseless the Trooper (level 3, -1/61 HPs)
             Began as an Oni Berserker on Dec 21, 2023.
             Was a Follower of Trog.
             Slain by a gnoll
             ... wielding a +0 flail
              (5 damage)
             ... on level 2 of the Dungeon.
             The game lasted 00:02:11 (1391 turns).

senseless the Trooper (Oni Berserker)               Turns: 1391, Time: 00:02:12

Health: -1/61      AC:  3    Str: 23    XL:     3   Next: 89%
Magic:  3/3        EV: 10    Int: 14    God:    Trog [*.....]
Gold:   44         SH:  0    Dex:  8    Spells: 2/2 levels left

rFire   . . .        a - +0 mace
rCold   . . .        (no shield)
rNeg    . . .        b - +0 animal skin
rPois   .            (helmet restricted)
rElec   .            (no cloak)
rCorr   .            (gloves unavailable)
SInv    .            (boots unavailable)
Will    .....        (no amulet) Stlth
                     h - +6 ring of intelligence
HPRegen 0.30/turn    (no ring)
MPRegen 0.08/turn

%: no passive effects
@: berserking, very quick
A: drunken brawling, large, unfitting armour, horns 1, tough skin 1, double
potion healing
a: Renounce Religion, Berserk


You were on level 2 of the Dungeon.
You worshipped Trog.
Trog was aware of your devotion.
You visited 1 branch of the dungeon, and saw 2 of its levels.

You collected 44 gold pieces.

Inventory:

Hand Weapons
 a - a +0 mace (weapon)
Armour
 b - a +0 animal skin (worn)
Jewellery
 h - a +6 ring of intelligence (left hand)
Wands
 l - a wand of mindburst (11)
Scrolls
 e - 2 scrolls of enchant armour {unknown}
 f - a scroll of immolation {unknown}
 i - a scroll of poison {unknown}
 j - a scroll of revelation {unknown}
Potions
 c - 2 potions of degeneration {unknown}
 d - a potion of lignification {unknown}
 g - a potion of resistance {unknown}
 k - a potion of ambrosia {unknown}


   Skills:
 + Level 4.9 Fighting
 + Level 3.6 Maces & Flails
 + Level 3.2 Dodging


You had 2 spell levels left.
You didn't know any spells.
Your spell library was empty.

Dungeon Overview and Level Annotations

Branches:
Dungeon (2/15)

Altars:


Innate Abilities, Weirdness & Mutations

Whenever you drink a potion that restores your health or magic, you attack all enemies around you.
You are too large for most types of armour.
You have a pair of small horns on your head.
You have tough skin. (AC +1)
Whenever you drink a potion that restores your health or magic, it restores twice as much.


Message History

You are too injured to fight recklessly!
You are too injured to fight recklessly!
You are too injured to fight recklessly!
You are too injured to fight recklessly!
You are too injured to fight recklessly!
You are too injured to fight recklessly!
You sock the quokka!
You kill the quokka!
Trog accepts your kill.
You hit the gnoll but do no damage. Your headbutt misses the gnoll.
The gnoll hits you with a +0 club.
You hit the gnoll but do no damage. The gnoll closely misses you.
A gnoll comes into view. It is wielding a +0 flail.
You closely miss the gnoll.
The gnoll shouts!
Your headbutt misses the gnoll. The gnoll hits you with a +0 whip.
You hit the gnoll but do no damage. The gnoll misses you.
You hit the gnoll. Your headbutt misses the gnoll.
The gnoll is moderately wounded.
The gnoll hits you with a +0 whip.
* * * LOW HITPOINT WARNING * * *
A ball python comes into view.
The ball python hisses angrily.
You hit the gnoll.
The gnoll is moderately wounded.
You hear a shout!
The gnoll hits you with a +0 whip.
* * * LOW HITPOINT WARNING * * *
A kobold comes into view. It is wielding a +0 short sword.
The gnoll hits you with a +0 whip.
* * * LOW HITPOINT WARNING * * *
A red film seems to cover your vision as you go berserk!
You feel yourself moving faster!
You feel mighty! The gnoll hits you with a +0 whip.
* * * LOW HITPOINT WARNING * * *
You sock the gnoll!
You kill the gnoll!
Trog accepts your kill. The gnoll hits you with a +0 flail.
You die...

#.#
###########
#.# #.# #.#
#.# #.# #.#
#.# #@#
#..ggg....#
#...KS#.#..#
#...... #
#.......
....>.#.#
#...#.##.#
#...... .#


You could see 2 gnolls, a goblin, a ball python and a kobold.

Vanquished Creatures
  2 gnolls (D:2)
  A worm (D:2)
  2 dart slugs (D:1)
  4 bats (D:1)
  3 endoplasms
  3 giant cockroaches
  2 goblins
  2 hobgoblins
  A quokka (D:2)
  3 ball pythons
  2 kobolds
  A rat (D:2)
26 creatures vanquished.

Notes
Turn   | Place    | Note
-------+----------+-------------------------------------------
     0 | D:1      | senseless the Oni Berserker began the quest for the Orb.
     0 | D:1      | Reached XP level 1. HP: 24/24 MP: 1/1
   168 | D:1      | Gained mutation: Whenever you drink a potion that restores
                  | your health or magic, it restores twice as much. [Oni
                  | growth]
   168 | D:1      | Gained mutation: You have a pair of small horns on your
                  | head. [Oni growth]
   168 | D:1      | Gained mutation: You have tough skin. (AC +1) [Oni growth]
   168 | D:1      | Reached XP level 2. HP: 32/32 MP: 2/2
   945 | D:2      | Reached XP level 3. HP: 36/40 MP: 3/3
  1391 | D:2      | Slain by a gnoll

Illustrated notes

Levels and vault maps discovered:
D:1:      amcnicky_arrival_gap_in_the_tavern_cellar, layout_loops_ring,
          minivault_14, chequers_serial_rivers_small_b,
          chequers_serial_rivers_small_a
D:2:      layout_loops_corners, minivault_5

Skill      XL: |  1  2 |
---------------+-------+-----
Dodging        | 3 |  3.2
Fighting       | |  4.9
Maces & Flails | |  3.6

Action                     || total
---------------------------++-------
  Melee: Mace              ||    70
         Headbutt          ||     9
 Invoke: Berserk           ||     1
 Armour: Animal skin       ||    49
  Dodge: Dodged            ||    41

Table legend: (Time is in decaauts)
 A = Elapsed time spent in this place.
 B = Non-inter-level travel time spent in this place.
 C = Inter-level travel time spent in this place.
 D = Time resting spent in this place.
 E = Time spent auto-exploring this place.
 F = Levels seen in this place.
 G = Mean time per level.
                   A        B        C        D        E       F      G
               +--------+--------+--------+--------+--------+-----+--------+
         Total |   1406 |   1391 |     15 |      0 |   1204 |   2 |  703.0 |
       Dungeon |   1406 |   1391 |     15 |      0 |   1204 |   2 |  703.0 |
               +--------+--------+--------+--------+--------+-----+--------+

Top non-repeatable levels by time:
     D:1: 865 daAuts
     D:2: 541 daAuts
